 Dungeon Crawl Stone Soup version 0.18.1-48-g4cf74bf (webtiles) character file.

95 Eukament the Chiller (level 4, -4/24 HPs)
             Began as a Gargoyle Ice Elementalist on Aug 11, 2016.
             Was a Follower of Ashenzari.
             Killed from afar by an orc wizard (8 damage)
             ... with a puff of frost
             ... on level 3 of the Dungeon.
             The game lasted 00:07:01 (2038 turns).

Eukament the Chiller (Gargoyle Ice Elementalist)    Turns: 2038, Time: 00:07:01

Health: -4/24      AC:  5    Str: 11    XL:     4   Next: 65%
Magic:  7/7        EV: 12    Int: 17    God:    Ashenzari [*.....]
Gold:   97         SH:  0    Dex: 10    Spells: 3 memorised, 1 level left

rFire  . . .     SeeInvis .     e - +0 mace
rCold  . . .     Gourm    .     a - +0 robe
rNeg   + . .     Faith    .     (no shield)
rPois  ∞         Spirit   .     (no helmet)
rElec  +         Dismiss  .     (no cloak)
rCorr  .         Reflect  .     (no gloves)
SustAt .         Harm     .     (no boots)
MR     .....                    (no amulet)
Stlth  ++........               (no ring)
                                (no ring)

@: not resistant to hostile enchantments, unstealthy
A: negative energy resistance 1, electricity resistance, unbreathing,
petrification resistance, rot immunity, AC +3
a: Curse Item, Scrying, Renounce Religion


You were on level 3 of the Dungeon.
You worshipped Ashenzari.
Ashenzari was aware of your devotion.
You were not hungry.

You visited 1 branch of the dungeon, and saw 3 of its levels.

You collected 97 gold pieces.

Inventory:

Hand Weapons
 e - a +0 mace (weapon)
Missiles
 l - 36 stones (quivered)
Armour
 a - a +0 robe (worn)
 d - a +1 chain mail of positive energy
Jewellery
 c - a cursed -2 ring of protection
Scrolls
 h - 2 scrolls of identify {unknown}
 i - a scroll of remove curse
 j - a scroll of noise {unknown}
Potions
 f - 2 potions of curing {unknown}
 g - a potion of agility {unknown}
 k - a potion of degeneration {unknown}
Books
 b - a book of Frost

   Spells                             Type                      Level
   a - Freeze                         Ice                          1
   b - Throw Frost                    Conjuration/Ice              2
   c - Ozocubu's Armour               Charms/Ice                   3
   d - Throw Icicle                   Conjuration/Ice              4
   e - Summon Ice Beast               Ice/Summoning                4


   Skills:
 - Level 1.5 Dodging
 - Level 2.1 Stealth
 - Level 2.0 Spellcasting
 - Level 1.1 Conjurations
 + Level 5.2 Ice Magic


You had one spell level left.
You knew the following spells:

 Your Spells              Type           Power        Failure   Level  Hunger
a - Freeze                Ice            ###.         2%          1    #......
b - Throw Frost           Conj/Ice       ##....       10%         2    ###....
c - Ozocubu's Armour      Chrm/Ice       ##......     21%         3    ###....


Dungeon Overview and Level Annotations

Branches:
Dungeon (3/15)

Altars:
Ashenzari
Cheibriados


Innate Abilities, Weirdness & Mutations

You are resistant to torment.
Your stone body is resilient (AC +3).
You are immune to poison.
You resist negative energy.
You are resistant to electric shocks.
You can survive without breathing.
You are immune to petrification.
You are immune to rotting.


Message History

The orc wizard hits you but does no damage.
The orc completely misses you. The rat bites you but does no damage.
The orc wizard casts a cantrip, but nothing happens.
You closely miss the orc wizard. The orc closely misses you.
The rat misses you.
The orc wizard hits you but does no damage.
You barely miss the orc wizard. The orc barely misses you. The rat bites you.
The orc wizard barely misses you. The adder bites you.
* * * LOW HITPOINT WARNING * * *
The orc hits you but does no damage.
You hit the orc wizard but do no damage.
The adder barely misses you. The rat barely misses you.
The orc wizard closely misses you. The orc hits you but does no damage.
The adder misses you. The rat closely misses you. The orc wizard misses you.
You barely miss the orc wizard. The adder bites you.
* * * LOW HITPOINT WARNING * * *
The orc closely misses you.
The orc wizard points at you and mumbles some strange words.
The puff of frost hits you!
You die...

#.# #.# #.#
#.## #..#
.######..##
......<...#
......o)..##
.......@...#
....[.Sor..#
...........#
...(.......#
...?.......#
............
#............
##..####.#....


You could see an orc wizard, an adder, an orc and a rat.

Vanquished Creatures
  5 adders (D:2)
  An ooze (D:1)
  A dart slug (D:1)
  2 giant geckos (D:1)
  An orc (D:3)
  A bat (D:1)
  2 giant cockroaches
  7 hobgoblins
  6 kobolds
  A quokka (D:2)
  2 giant newts (D:1)
  8 goblins
  3 rats
40 creatures vanquished.

Notes
Turn   | Place    | Note
--------------------------------------------------------------
     0 | D:1      | Eukament the Gargoyle Ice Elementalist began the quest for the Orb.
     0 | D:1      | Reached XP level 1. HP: 10/10 MP: 3/3
   421 | D:1      | Reached XP level 2. HP: 11/15 MP: 0/5
   624 | D:1      | Reached skill level 4 in Ice Magic
   870 | D:1      | Reached XP level 3. HP: 16/19 MP: 1/6
   971 | D:1      | Learned a level 2 spell: Throw Frost
   975 | D:1      | Learned a level 3 spell: Ozocubu's Armour
   991 | D:1      | Found a snail-covered altar of Cheibriados.
  1675 | D:2      | Reached XP level 4. HP: 21/24 MP: 0/7
  1756 | D:2      | Reached skill level 5 in Ice Magic
  1948 | D:2      | Found a faded altar to an unknown god.
  1958 | D:2      | Became a worshipper of Ashenzari the Shackled
  1958 | D:2      | Reached * piety under Ashenzari
  2038 | D:3      | Killed from afar by an orc wizard

Skill      XL: |  1  2  3  4 |
---------------+-------------+-----
Ice Magic      | 4 5 |  5.2
Dodging        | |  1.5
Stealth        | |  2.1
Spellcasting   | |  2.0
Conjurations   | |  1.1

Action                   |  1- 3 |  4- 6 || total
-------------------------+-------+-------++-------
Melee: Unarmed           |     8 |       ||     8
       Mace              |    54 |    17 ||    71
 Cast: Freeze            |    21 |    11 ||    32
       Throw Frost       |     6 |       ||     6
 Stab: Sleeping          |     1 |       ||     1
  Eat: Bread ration      |     1 |       ||     1
Armor: Robe              |    23 |    11 ||    34
Dodge: Dodged            |    50 |    31 ||    81
